[Event "Masters Tournament (MTO)"]
[Site "Biel, Switzerland"]
[Date "2026.07.20"]
[Round "7.1"]
[White "Gloeckler, Christian"]
[Black "Savitha, Shri B"]
[Result "1-0"]
[TimeControl "100+30+30sec/move"]
[WhiteTitle "-"]
[BlackTitle "-"]
[WhiteFideId "34608966"]
[BlackFideId "35061887"]
[WhiteElo "2506"]
[BlackElo "2368"]

1. e4 c5 2. Nf3 e6 3. d4 cxd4 4. Nxd4 Nf6 5. Nc3 Nc6 6. Be2 Bb4 7. O-O Bxc3 8. bxc3 Nxe4 9. Nxc6 dxc6 10.
Bd3 Nf6 11. Ba3 Qa5 12. Qc1 h6 13. Rb1 Qc7 14. Qe3 b6 15. c4 c5 16. Bb2 Bb7 17. Be5 Qc6 18. Qg3 Ne4 19. Qxg7 O-O-O 20. f3 Nd2 21. Qxf7 Rhg8 22. Rbd1 Rdf8 23. Qxf8+ Rxf8 24. Rxd2 Qa4 25. Re2 b5 26. Bd6 Re8 27. Bg3 bxc4 28.
Bg6 Re7 29. Bd6 Rg7 30. Rxe6 Bd5 31. Rf6 Rxg6 32. Rxg6 Qxc2 33. Rg7 Qd3 34. Bxc5 c3 35. Re1 Qb5 36. Be3 c2 37. Rxa7 Qd3 38.
Kf2 Qc4 39. Rc1 Kb8 40. Ra5 Qd3 41. Rxd5 Qxd5 42. Rxc2 h5 43. Rd2 Qc4 44. h3 Qh4+ 45. Kf1 Qc4+ 46. Kg1 Kb7 47. g4 Qc3 48.
Kf2 h4 49. Ke2 Qc4+ 50. Rd3 Qxa2+ 51. Bd2 Qe6+ 52. Re3 Qa6+ 53. Ke1 Qd6 54. f4 Qd5 55. f5 Qh1+ 56. Ke2 Qg2+ 57. Kd1 Qf1+ 58.
Be1 Kb6 59. Kd2 Qg2+ 60. Kd3 Qf1+ 61. Kc3 Kc5 62. Bxh4 Qc1+ 63. Kd3 Kd5 64. Be1 Qc4+ 65. Kd2 Qf1 66. Bh4 Qg2+ 67. Ke1 Qc2 68.
Bf2 Qc4 69. Bg3 Kd4 70. Kf2 Qc2+ 71. Re2 Qc6 72. Kg1 Kd3 73. Re1 Qf3 74. Bf2 Kd2 75. Re3 Qf4 76. Kg2 Kd1 77. Re1+ Kc2 78.
Re2+ Kd1 79. Bg3 Qd4 80. Rf2 Qf6 81. h4 1-0

[Event "Masters Tournament (MTO)"]
[Site "Biel, Switzerland"]
[Date "2026.07.20"]
[Round "7.2"]
[White "Liu, Bei"]
[Black "Acs, Peter"]
[Result "0-1"]
[TimeControl "100+30+30sec/move"]
[WhiteTitle "-"]
[BlackTitle "-"]
[WhiteFideId "8603596"]
[BlackFideId "708020"]
[WhiteElo "2175"]
[BlackElo "2561"]

1. e4 c5 2. Nf3 d6 3. d4 cxd4 4. Nxd4 Nf6 5. Nc3 Nc6 6. Bg5 Bd7 7. Qd2 a6 8. O-O-O e6 9. f3 Nxd4 10.
Qxd4 h6 11. Bd2 Bc6 12. Bd3 Qc7 13. Rhe1 Be7 14. Kb1 b5 15. Qg1 Nd7 16. Be3 Ne5 17. Bd4 O-O 18. f4 Nxd3 19. Rxd3 b4 20.
Nd1 e5 21. Bf2 Qb7 22. Rde3 exf4 23. R3e2 Rfe8 24. Bd4 Bh4 25. g3 fxg3 26. Ne3 Bxe4 27. hxg3 Bg5 28. Nf5 Qd5 29. Nxg7 Bxc2+ 30. Ka1 Rxe2 31. Rxe2 Be4 32. Re1 Rc8 33. Nh5 Bf5 34. Nf6+ Bxf6 35. Bxf6 Be6 36. b3 Rc2 37. Qe3 Qg2 38.
Qd3 Qf2 39. Rf1 Rc1+ 0-1

[Event "Masters Tournament (MTO)"]
[Site "Biel, Switzerland"]
[Date "2026.07.20"]
[Round "7.3"]
[White "Gopal, G.N."]
[Black "Balabayeva, Xeniya"]
[Result "1-0"]
[TimeControl "100+30+30sec/move"]
[WhiteTitle "-"]
[BlackTitle "-"]
[WhiteFideId "5015693"]
[BlackFideId "13719688"]
[WhiteElo "2529"]
[BlackElo "2302"]

1. e4 e5 2. Nf3 Nc6 3. Bb5 a6 4. Ba4 Nf6 5. O-O Be7 6. d3 d6 7. c3 O-O 8. Re1 h6 9. Nbd2 Re8 10.
h3 Bd7 11. d4 b5 12. Bc2 a5 13. Nf1 Bf8 14. Ng3 a4 15. Be3 Na5 16. b3 axb3 17. axb3 Nc6 18. Qd2 Qc8 19. d5 Ne7 20.
c4 bxc4 21. bxc4 c5 22. Nh4 Qb7 23. f4 Rxa1 24. Rxa1 exf4 25. Bxf4 Ng6 26. Nxg6 fxg6 27. Qc3 g5 28. Bd2 Ra8 29. Rb1 Qc7 30. e5 dxe5 31.
Ne4 Nxe4 32. Bxe4 Bd6 33. Qe3 Rf8 34.
Ra1 Bf5 35. Ra6 Bxe4 36. Qxe4 Qe7 37. Be3 Rf6 38. Rc6 Qb7 39. Kh2 Qe7 40. Kg1 Qb7 41. Bxc5 Bxc5+ 42. Rxc5 Qb6 43. Qe3 Rf8 44. d6 Qxd6 45. Rxe5 Qd1+ 46. Kh2 Qf1 47. Re4 Qf2 48. Qd3 Qc5 49. Qd7 Qf5 50.
Qd4 Qf2 51. Qd5+ Qf7 52. Qd6 Qf6 53. Qd7 Qf5 54. Qe7 Rf7 55. Qd8+ Rf8 56. Qd4 Qf2 57. Qc3 Qf6 58. Qb4 g4 59.
Rxg4 Qe5+ 60. Rg3 h5 61. Qb5 Qf4 62. Qg5 Qc7 63. Kg1 Rf5 64. Qxf5 Qxg3 65. Qd5+ Kf8 66. Qf3+ Qxf3 67. gxf3 Ke7 68. Kf2 Kd6 69. Ke3 Kc5 70. Kd3 h4 71. f4 Kc6 72. Kd4 Kd6 73. f5 Kc6 74. c5 Kc7 75.
Kd5 Kd7 76. c6+ Kc7 77. Kc5 Kc8 78. Kd6 Kd8 79. Ke6 1-0

[Event "Masters Tournament (MTO)"]
[Site "Biel, Switzerland"]
[Date "2026.07.20"]
[Round "7.4"]
[White "Dong, Hongfu"]
[Black "Alexakis, Dimitris"]
[Result "0-1"]
[TimeControl "100+30+30sec/move"]
[WhiteTitle "-"]
[BlackTitle "-"]
[WhiteFideId "8626960"]
[BlackFideId "4277023"]
[WhiteElo "2353"]
[BlackElo "2525"]

1. e4 c5 2. Nf3 Nc6 3. d4 cxd4 4.
Nxd4 Nf6 5. Nc3 d6 6. Bg5 Bd7 7. Qd2 a6 8. O-O-O e6 9. f4 Be7 10. Nf3 b5 11. e5 b4 12.
exf6 bxc3 13. Qxc3 gxf6 14. Bh4 d5 15. a3 Rc8 16. Nd4 Rg8 17. Nxc6 Rxc6 18. Qd3 f5 19. Bxe7 Kxe7 20. g3 Qa5 21.
Qd4 Rb8 22. Bd3 Rcb6 23. Rhe1 Rxb2 24. Qxb2 Rxb2 25. Kxb2 d4 26. Re5 Qc3+ 27. Kb1 Qxa3 28. Bxf5 Qb4+ 29. Kc1 a5 30. Be4 f6 31.
Rh5 a4 32. Rxh7+ Kd6 33. Rh8 a3 34. Bg6 Qb2+ 35. Kd2 Qc3+ 36. Ke2 Bb5+ 37. Bd3 Qxc2+ 0-1

[Event "Masters Tournament (MTO)"]
[Site "Biel, Switzerland"]
[Date "2026.07.20"]
[Round "7.5"]
[White "Baenziger, Fabian"]
[Black "Shukhman, Anna"]
[Result "1/2-1/2"]
[TimeControl "100+30+30sec/move"]
[WhiteTitle "-"]
[BlackTitle "-"]
[WhiteFideId "1330110"]
[BlackFideId "54180058"]
[WhiteElo "2435"]
[BlackElo "2443"]

1. d4 Nf6 2. c4 g6 3. g3 Bg7 4. Bg2 O-O 5. Nc3 d6 6. Nf3 c5 7. O-O Nc6 8. dxc5 dxc5 9. Bf4 Nh5 10.
Be3 b6 11. Qc1 Bb7 12. Rd1 Qe8 13. Bh6 Rd8 14. Rxd8 Qxd8 15. Qe3 Nd4 16. Rd1 Bxh6 17. Qxh6 Bxf3 18. Bxf3 Nf6 19. Kg2 Qc8 20.
Qe3 Re8 21. Nb5 Nxb5 22. cxb5 Rd8 23. Rxd8+ Qxd8 24. h3 Qd6 25. Qa3 Qc7 26. Bc6 a5 27. Qd3 Qd6 28. Qe3 e5 29. f4 e4 30.
Qc3 Qd1 31. Qxf6 Qxe2+ 32. Kg1 Qe3+ 33. Kg2 Qf3+ 34. Kh2 Qf2+ 35. Kh1 Qxg3 36. Be8 Qxh3+ 37. Kg1 Qe3+ 38. Kg2 Qd2+ 39. Kg3 Qd3+ 40.
Kh4 Qd5 41. Qe5 Qd8+ 42. Kh3 Qd3+ 43. Kh4 Qd8+ 44. Kh3 Qd3+ 1/2-1/2

[Event "Masters Tournament (MTO)"]
[Site "Biel, Switzerland"]
[Date "2026.07.20"]
[Round "7.6"]
[White "Ganguly, Surya Shekhar"]
[Black "Cao, Qingfeng"]
[Result "0-1"]
[TimeControl "100+30+30sec/move"]
[WhiteTitle "-"]
[BlackTitle "-"]
[WhiteFideId "5002150"]
[BlackFideId "8627568"]
[WhiteElo "2578"]
[BlackElo "2365"]

1. e4 c6 2. d4 d5 3. e5 Bf5 4. h4 h5 5. c4 e6 6. Nc3 dxc4 7. Bxc4 Nd7 8. Nge2 Be7 9. g3 Nh6 10.
Bf4 Qb6 11. O-O Rd8 12. Qc1 Bg6 13. Bxh6 Rxh6 14. Rd1 Bf5 15. Kg2 Rh8 16. Bb3 g6 17. Qe3 Kf8 18. Rac1 Kg7 19. Bc2 Bxc2 20.
Rxc2 Qa6 21. a3 Nb6 22. Nf4 Qc4 23. Rd3 Na4 24. Qd2 Nxc3 25. Rcxc3 Qa4 26. b4 a5 27. bxa5 Qxa5 28. Qb2 Rd7 29.
Rb3 b5 30. Rf3 Qa8 31. Rbd3 Rhd8 32. Kg1 Qa4 33. Ne2 Qa5 34. Qc1 c5 35. Kh2 c4 36. Rc3 Qa8 37. Qf4 Rf8 38. g4 hxg4 39.
Qxg4 Rh8 40. Rh3 Rdd8 41. Rcg3 Rxh4 42. Rxh4 Bxh4 43. Rh3 Be7 44. Nf4 Rh8 45. Nh5+ Kg8 46. Kg1 c3 47. Nf6+ Bxf6 48.
exf6 Rxh3 49. Qxh3 c2 50. Qh6 Qf8 51. Qc1 Qc8 52.
Kg2 Qc6+ 53. f3 Kf8 54. Kf2 Ke8 55. a4 b4 56. a5 b3 57. Qa3 Qc7 58. Qa4+ Kd8 0-1

[Event "Masters Tournament (MTO)"]
[Site "Biel, Switzerland"]
[Date "2026.07.20"]
[Round "7.7"]
[White "Ghosh, Diptayan"]
[Black "Schnell, Simon"]
[Result "1-0"]
[TimeControl "100+30+30sec/move"]
[WhiteTitle "-"]
[BlackTitle "-"]
[WhiteFideId "5045207"]
[BlackFideId "1345311"]
[WhiteElo "2554"]
[BlackElo "2211"]

1. Nf3 d5 2. g3 Nf6 3. Bg2 e6 4. O-O Be7 5. d3 c5 6. e4 O-O 7. Qe2 Nc6 8. e5 Nd7 9. c4 d4 10.
h4 a6 11. Bf4 Rb8 12. Nh2 Re8 13. Nd2 Qc7 14. Ng4 Kh8 15. Qf3 Nd8 16. Ne4 b5 17. Ngf6 Bxf6 18. exf6 e5 19. Bg5 Rb6 20.
fxg7+ Kxg7 21. Bh3 Nf8 22. Nf6 Rbe6 23. Nxe8+ Rxe8 24. Qf6+ Kg8 25. Bh6 1-0

[Event "Masters Tournament (MTO)"]
[Site "Biel, Switzerland"]
[Date "2026.07.20"]
[Round "7.8"]
[White "Hasenohr, Benedict"]
[Black "Aronyak, Ghosh"]
[Result "0-1"]
[TimeControl "100+30+30sec/move"]
[WhiteTitle "-"]
[BlackTitle "-"]
[WhiteFideId "1303309"]
[BlackFideId "25072846"]
[WhiteElo "2247"]
[BlackElo "2549"]

1. d4 e6 2. c4 Bb4+ 3. Nc3 c5 4.
a3 Ba5 5. e3 Nf6 6. Bd2 d6 7. b4 cxb4 8. axb4 Bxb4 9. Qa4+ Nc6 10. d5 exd5 11. cxd5 Bxc3 12. Bxc3 Nxd5 13. Bxg7 Rg8 14.
Bb2 Qb6 15. Bb5 Nc7 16. Bxc6+ Qxc6 17. Ne2 Qxa4 18. Rxa4 Rg4 19. Nf4 Ne6 20. h3 Rg5 21. O-O Nxf4 22. exf4 Rd5 23. Re1+ Be6 24.
g4 Kf8 25. Ba3 Bd7 26. Rae4 Re8 27. Re5 Rd4 28. Kh2 b5 29. Rb1 f5 30. Rbxb5 Bxb5 31. Rxf5+ Ke7 32. Rxb5 Rxf4 33. Rb7+ Ke6 34.
Rxh7 Rxf2+ 35. Kg3 Rf7 36. Rh6+ Rf6 37. Rh5 Rb8 38. g5 Rg6 39. Kg4 Rb1 40. h4 Ra1 41. Bb2 Ra4+ 42. Kg3 Rg8 43.
Rh6+ Kd5 44. Bc1 Rf8 45. g6 Ra1 46. g7 Rg8 47. Bb2 Rg1+ 48. Kf4 R1xg7 49. Bxg7 Rxg7 50. Rh5+ Kc4 51. Ra5 d5 52.
Ke5 Rh7 53. Ra4+ Kc5 54. Ra5+ Kb4 55. Ra6 Kb5 56. Ra1 Rxh4 57. Kxd5 a5 58. Rc1 Kb4 59. Rc8 a4 60. Rb8+ Kc3 61.
Ra8 Kb3 62. Rb8+ Rb4 63. Rh8 a3 64. Rh3+ Ka4 65. Rh2 Rb2 66. Rh4+ Kb5 67. Rh8 Rd2 68. Ke4 a2 69. Ra8 Kc4 70.
Ke3 Rh2 71. Ra7 Kc3 72. Ra8 Rh3 0-1

[Event "Masters Tournament (MTO)"]
[Site "Biel, Switzerland"]
[Date "2026.07.20"]
[Round "7.9"]
[White "Cervelli, Eduard"]
[Black "Kozak, Adam"]
[Result "0-1"]
[TimeControl "100+30+30sec/move"]
[WhiteTitle "-"]
[BlackTitle "-"]
[WhiteFideId "1351800"]
[BlackFideId "753246"]
[WhiteElo "2197"]
[BlackElo "2531"]

1. e4 e5 2. Nf3 Nc6 3. Bc4 d6 4. O-O Bg4 5. c3 Qd7 6. a4 a6 7. d3 Nf6 8. Re1 Be7 9. Nbd2 O-O 10.
Nf1 Be6 11. Bxe6 fxe6 12. b4 Nh5 13. g3 h6 14. h3 Nf6 15. N1h2 Nd8 16. Kg2 Nf7 17. Bd2 Nh7 18. h4 Nf6 19. a5 d5 20. Qc2 Rad8 21. Rad1 c5 22. exd5 Qxd5 23. Re3 Qc6 24. bxc5 Bxc5 25. Ree1 Rd7 26. c4 Rfd8 27. Bc3 e4 28.
dxe4 Rxd1 29. Rxd1 Rxd1 30. Qxd1 Nxe4 31. Bd4 Ned6 32. Ba1 0-1

[Event "Masters Tournament (MTO)"]
[Site "Biel, Switzerland"]
[Date "2026.07.20"]
[Round "7.10"]
[White "Ling, Chenxuan"]
[Black "Elmi, Saad Abobaker"]
[Result "1/2-1/2"]
[TimeControl "100+30+30sec/move"]
[WhiteTitle "-"]
[BlackTitle "-"]
[WhiteFideId "30983118"]
[BlackFideId "1553259"]
[WhiteElo "2166"]
[BlackElo "2399"]

1. d4 d5 2. c4 dxc4 3. Nf3 Nf6 4. e3 Bg4 5. Bxc4 e6 6. Nc3 c5 7. Qa4+ Nbd7 8. Ne5 cxd4 9. exd4 a6 10.
Nxg4 Nxg4 11. Qd1 Ngf6 12. O-O Bd6 13. Be2 O-O 14. Bg5 h6 15. Bxf6 Nxf6 16. Bf3 Rb8 17. g3 Qb6 18. Qd2 Rfd8 19.
Rfd1 Bb4 20. a3 Bxc3 21. bxc3 Qc7 22. Rdc1 b5 23. a4 e5 24. axb5 axb5 25. Rab1 exd4 26. cxd4 Qb6 27. Rb4 Nd5 28.
Bxd5 Rxd5 29. Rcb1 Rbd8 30. Qe2 Rxd4 31. Rxd4 Qxd4 32. Qxb5 g6 33. Re1 h5 34. Re8+ Rxe8 35. Qxe8+ Kg7 1/2-1/2

[Event "Masters Tournament (MTO)"]
[Site "Biel, Switzerland"]
[Date "2026.07.20"]
[Round "7.11"]
[White "Dai, Wenzhi"]
[Black "Lu, Miaoyi"]
[Result "1/2-1/2"]
[TimeControl "100+30+30sec/move"]
[WhiteTitle "-"]
[BlackTitle "-"]
[WhiteFideId "8608369"]
[BlackFideId "8618020"]
[WhiteElo "2126"]
[BlackElo "2392"]

1. e4 e6 2. d4 d5 3. Nc3 Nf6 4.
Bg5 dxe4 5. Nxe4 Nbd7 6. Nf3 Be7 7. Bxf6 Nxf6 8. Bd3 Nxe4 9. Bxe4 c5 10. c3 cxd4 11. Qxd4 O-O 12. O-O Qc7 13.
Rad1 Rd8 14. Qe5 Qb6 15. Rxd8+ Qxd8 16. Qd4 Qc7 17. Rd1 Bf6 18. Qd6 Qxd6 19. Rxd6 Kf8 20. h4 g6 21. g4 Be7 22. Rd2 f5 23.
gxf5 gxf5 24. Bc2 Bf6 25. Bb3 Ke7 26. Ng5 Bd7 27. Nxe6 Rg8+ 28. Ng5 Rg6 29. Re2+ Kd8 30. Kh2 Bxg5 31.
hxg5 Rxg5 32. f4 Rg4 33. Rf2 h5 34. Bd1 Rg6 35. Kh3 Rg1 36. Bxh5 Rh1+ 37. Rh2 Ra1 38. Bf3 Rxa2 39. Bxb7 Be6 40.
Kh4 a5 41. Kg5 Ke7 42. Kg6 Ra1 43. Rh7+ Kd6 44. Kf6 Rf1 45. Rh2 Rxf4 46. Rd2+ Kc7 47. Kxe6 Kxb7 48. Rd5 Rf2 49. Rxf5 Rxb2 50.
Rxa5 Kc6 51. Ke5 Rh2 52. Kd4 Rh4+ 53. Kd3 Kd6 54. Rg5 Kc6 55. c4 Rh1 56. Kd4 1/2-1/2

[Event "Masters Tournament (MTO)"]
[Site "Biel, Switzerland"]
[Date "2026.07.20"]
[Round "7.12"]
[White "Pleschke, Julius Jonas"]
[Black "Yasaswi, Krishna Bommi"]
[Result "0-1"]
[TimeControl "100+30+30sec/move"]
[WhiteTitle "-"]
[BlackTitle "-"]
[WhiteFideId "54734258"]
[BlackFideId "33368783"]
[WhiteElo "2280"]
[BlackElo "2085"]

1. d4 Nf6 2. c4 g6 3. Nc3 Bg7 4. Nf3 d6 5. Bg5 h6 6. Bh4 Nbd7 7. e3 O-O 8. Be2 e5 9. O-O Re8 10.
Qc2 exd4 11. exd4 g5 12. Bg3 Nh5 13. Rfd1 Ndf6 14. Rac1 Nxg3 15. hxg3 Bg4 16. d5 Bxf3 17. gxf3 Nd7 18.
Nb5 a6 19. Nd4 Bxd4 20. Rxd4 Qf6 21. Rcd1 Re7 22. f4 Rae8 23. Bf1 a5 24. a3 Kg7 25. b4 axb4 26. axb4 b6 27. Kg2 Kh8 28.
Qd2 Re4 29. Rxe4 Rxe4 30. Bd3 Rd4 31. Qe3 Kg7 32. fxg5 hxg5 33. Rh1 Qe5 34. Rh7+ Kg8 35. Qf3 Nf6 36. Rh6 Kg7 37. Rh1 g4 38.
Qd1 b5 39. Qd2 Ng8 40. Re1 Rxd3 41. Qxd3 Qxe1 42. Qf5 Nh6 43. Qg5+ Kh7 44. cxb5 Qxb4 45. Qe7 Qxb5 46. Qxc7 Qxd5+ 47. Kh2 Qc5 48. Qe7 Qxf2+ 49. Kh1 Qf3+ 50. Kh2 d5 51. Qe1 d4 52. Qf1 d3 53. Qb1 Nf5 54. Qb3 Qxg3+ 55. Kh1 Qe1+ 56.
Kg2 Ne3+ 0-1

[Event "Masters Tournament (MTO)"]
[Site "Biel, Switzerland"]
[Date "2026.07.20"]
[Round "7.13"]
[White "Vihaan, Dumir"]
[Black "Nguyen, Thi Mai Hung"]
[Result "1-0"]
[TimeControl "100+30+30sec/move"]
[WhiteTitle "-"]
[BlackTitle "-"]
[WhiteFideId "25901010"]
[BlackFideId "12401676"]
[WhiteElo "2132"]
[BlackElo "2260"]

1. e4 e6 2. d4 d5 3. e5 c5 4. c3 Nc6 5. Nf3 Qb6 6. Bd3 cxd4 7. O-O Bd7 8. Re1 Nge7 9. h4 Nf5 10.
Bxf5 exf5 11. cxd4 Be7 12. Nc3 Be6 13. h5 O-O 14. Ne2 Rfc8 15. Nf4 Rc7 16. Re2 Rac8 17. Be3 Na5 18. Bd2 Nc4 19.
Bc3 a5 20. Qb3 Qa6 21. a4 Rc6 22. Rc2 g5 23. hxg6 hxg6 24. Be1 Nxe5 25. Rxc6 Nxf3+ 26. Qxf3 bxc6 27. Qe3 c5 28. Bc3 c4 29.
Nxd5 Bxd5 30. Qxe7 Qc6 31. Re1 Qxa4 32. f3 Ra8 33. Kf2 Qc2+ 34. Re2 Qb3 35. Re5 Qb7 36. Qd6 Bc6 37. Re7 Qa6 38.
Qf6 Bd5 39. Re8+ Rxe8 40. Qxa6 1-0

[Event "Masters Tournament (MTO)"]
[Site "Biel, Switzerland"]
[Date "2026.07.20"]
[Round "7.14"]
[White "Ragavan, Samarth Rajesh"]
[Black "Georgescu, Lena"]
[Result "1/2-1/2"]
[TimeControl "100+30+30sec/move"]
[WhiteTitle "-"]
[BlackTitle "-"]
[WhiteFideId "39918106"]
[BlackFideId "1331973"]
[WhiteElo "2106"]
[BlackElo "2253"]

1. d4 Nf6 2. Nf3 d5 3. g3 c5 4. c4 dxc4 5. Qa4+ Qd7 6. Qxc4 cxd4 7. Qxd4 Nc6 8. Qxd7+ Bxd7 9. Bg2 e6 10.
O-O Bc5 11. Nc3 O-O 12. Bf4 Rac8 13. Rac1 Rfd8 14. Rfd1 Be8 15. Rxd8 Rxd8 16. Na4 Bd6 17. Bxd6 Rxd6 18. Nc5 b6 19. Nd3 Kf8 20. Kf1 Ke7 1/2-1/2

[Event "Masters Tournament (MTO)"]
[Site "Biel, Switzerland"]
[Date "2026.07.20"]
[Round "7.15"]
[White "Gireada, Daniel"]
[Black "Ashwath, Kaushik"]
[Result "0-1"]
[TimeControl "100+30+30sec/move"]
[WhiteTitle "-"]
[BlackTitle "-"]
[WhiteFideId "1206451"]
[BlackFideId "33387230"]
[WhiteElo "2255"]
[BlackElo "2278"]

1. d4 d5 2. c4 e6 3. Nf3 Nf6 4. g3 Be7 5. Bg2 O-O 6. O-O c6 7. Qc2 b6 8. Bf4 Bb7 9. Nbd2 Nh5 10.
Bxb8 Rxb8 11. e4 c5 12. cxd5 exd5 13. e5 g6 14. Rac1 Ng7 15. Nb3 Ne6 16. Rcd1 a5 17. Qd2 a4 18.
Nc1 Kg7 19. h4 h5 20. Rfe1 a3 21. Ne2 axb2 22. Qxb2 f6 23. Bh3 f5 24. Bg2 f4 25. Kh2 fxg3+ 26. fxg3 Ba6 27. Nc3 Bc4 28.
Qd2 cxd4 29. Nxd4 Nxd4 30. Qxd4 Bc5 31. Qd2 Bf2 32. Rf1 Bxf1 33. Rxf1 d4 34. Nd1 Be3 35. Nxe3 dxe3 36. Qxe3 Rxf1 37.
Bxf1 Qd5 38. e6 Qxa2+ 39. Kh3 Qa1 40. Bg2 Qf6 41. Kh2 Re8 42. Bd5 Rc8 43. Qxb6 Rc2+ 44. Bg2 Qf3 45. Qc7+ Rxc7 46.
Bxf3 Rc2+ 47. Kh3 Rc3 48. Bd5 Kf6 49. Be4 Re3 50. Bd5 Ke5 51. Ba2 Kd4 52. e7 Rxe7 53. Bb1 Re6 54. Kg2 Rb6 0-1

[Event "Masters Tournament (MTO)"]
[Site "Biel, Switzerland"]
[Date "2026.07.20"]
[Round "7.16"]
[White "Cherniaev, Alexander"]
[Black "Harish, Neeraj"]
[Result "1/2-1/2"]
[TimeControl "100+30+30sec/move"]
[WhiteTitle "-"]
[BlackTitle "-"]
[WhiteFideId "4117301"]
[BlackFideId "30958130"]
[WhiteElo "2275"]
[BlackElo "2201"]

1. e4 c5 2. Nf3 e6 3. d3 Nc6 4. g3 Nf6 5. Bg2 d5 6. Qe2 Be7 7. O-O O-O 8. a4 dxe4 9. dxe4 e5 10.
c3 Be6 11. Na3 h6 12. Nc4 Qc7 13. Nh4 Rfd8 14. Nf5 Bf8 15. b3 a6 16. Qf3 Nd7 17. Rb1 Nb6 18. Nfe3 Nxc4 19. bxc4 Na5 20.
Nd5 Bxd5 21. cxd5 c4 22. Qg4 Kh8 23. Bf3 Nb3 24. Bd1 Nxc1 25. Rxc1 b5 26. Qe2 Qa5 27. axb5 axb5 28. f4 Bd6 29.
Qh5 Qa7+ 30. Kh1 exf4 31. e5 Qe3 32. Bc2 Qxe5 33. Qxf7 fxg3 34. Qg6 g2+ 35. Qxg2 Ra2 36. Rf3 Qxd5 37.
Rcf1 Qe5 38. Rd1 Re8 39. Rf2 Qxc3 40. Qg6 Re1+ 41. Kg2 Rxc2 42. Rxc2 Qe3 43. Rxe1 Qxe1 44. Ra2 Bf8 45. Qf5 Qe8 46.
Qd5 Qg6+ 47. Kh3 Qg5 48. Qxg5 hxg5 49. Ra8 Kg8 50. Rc8 Kf7 51. Kg4 Be7 52. Kf5 Bd6 53. h3 g6+ 54. Ke4 Ke6 55.
Rc6 Kd7 56. Kd5 Bf4 57. Rc5 Bd2 58. Rxb5 c3 59. Rc5 Ke7 1/2-1/2

[Event "Masters Tournament (MTO)"]
[Site "Biel, Switzerland"]
[Date "2026.07.20"]
[Round "7.17"]
[White "Udelnov, Valentin"]
[Black "Xu, Chang(Cq)"]
[Result "0-1"]
[TimeControl "100+30+30sec/move"]
[WhiteTitle "-"]
[BlackTitle "-"]
[WhiteFideId "16265734"]
[BlackFideId "8641757"]
[WhiteElo "2269"]
[BlackElo "2125"]

1. e4 c5 2. Nf3 d6 3. d4 cxd4 4.
Qxd4 a6 5. c4 Nc6 6. Qd2 Nf6 7. Nc3 g6 8. h3 Bg7 9. Bd3 O-O 10. O-O Nd7 11. Re1 Nde5 12. Nxe5 Nxe5 13. Bf1 Rb8 14.
Kh1 Be6 15. Nd5 b5 16. cxb5 axb5 17. Rb1 Bd7 18. b3 Bc6 19. Bb2 Ba8 20. Qd4 e6 21. Nb4 Qh4 22. Nd3 Qh6 23. Bc1 g5 24.
Qe3 f5 25. Nxe5 Bxe5 26. exf5 Rxf5 27. Kg1 Rbf8 28. Bb2 Rxf2 29. Bxe5 dxe5 30. Qxe5 Bd5 31. Re2 R2f5 32. Qg3 Qf6 33.
Ree1 Rf2 34. a4 b4 35. a5 h6 36. a6 Qd4 37. Kh2 Rd2 38. Qe3 Qxe3 39. Rxe3 Rxf1 40. Rxf1 Rxg2+ 0-1

[Event "Masters Tournament (MTO)"]
[Site "Biel, Switzerland"]
[Date "2026.07.20"]
[Round "7.18"]
[White "Sasikiran, Krishnan"]
[Black "Kunz, Andre"]
[Result "1-0"]
[TimeControl "100+30+30sec/move"]
[WhiteTitle "-"]
[BlackTitle "-"]
[WhiteFideId "5004985"]
[BlackFideId "24623652"]
[WhiteElo "2546"]
[BlackElo "2116"]

1. d4 Nf6 2. c4 e6 3. g3 d5 4. Bg2 dxc4 5. Nf3 Bd7 6. O-O Bc6 7. Nbd2 b5 8. e4 Be7 9. d5 exd5 10.
Nd4 Bb7 11. e5 Ne4 12. Nxe4 dxe4 13. Nxb5 O-O 14. Qxd8 Bxd8 15. Rd1 Na6 16. Be3 Re8 17. Bd4 Nb4 18. Na3 Bd5 19. Bc3 c5 20.
Rxd5 Nxd5 21. Bxe4 Nxc3 22. Bxa8 Ne2+ 23. Kf1 Nd4 24. Nxc4 Bc7 25. Bb7 Kf8 26. Re1 g5 27. h3 h6 28.
b3 Re7 29. Bg2 Re6 30. Re3 Ra6 31. a4 Re6 32. Bb7 Re8 33. a5 f6 34. f4 fxe5 35. fxe5 Ke7 36. a6 Ke6 37. Kg2 Rd8 38.
Bf3 Rb8 39. Bd1 Kd5 40. e6 Re8 41. e7 Bd6 42. Bf3+ Nxf3 43. Kxf3 Bxe7 44. Kg4 h5+ 45. Kxh5 Rh8 46. Kg6 Bd8 47.
Kg7 Rxh3 48. Rd3+ Kc6 49. Rxd8 Rxg3 50. Rb8 Rg1 51. Rb7 g4 52. Kf6 g3 53. Ke6 1-0

[Event "Masters Tournament (MTO)"]
[Site "Biel, Switzerland"]
[Date "2026.07.20"]
[Round "7.19"]
[White "Haimovich, Tal"]
[Black "Malli, Suvirr"]
[Result "1-0"]
[TimeControl "100+30+30sec/move"]
[WhiteTitle "-"]
[BlackTitle "-"]
[WhiteFideId "2801698"]
[BlackFideId "1341855"]
[WhiteElo "2310"]
[BlackElo "2120"]

1. c4 Nf6 2. Nc3 e6 3. d4 Bb4 4. e3 O-O 5. Bd3 d5 6. a3 dxc4 7. Bxc4 Bd6 8. Nf3 Nc6 9. O-O e5 10.
h3 a6 11. Ba2 e4 12. Ng5 Bf5 13. Qc2 Bg6 14. Ngxe4 Nxe4 15. Nxe4 Qh4 16. f3 Bxe4 17. Qxe4 Qg3 18. f4 g5 19.
d5 Ne7 20. Bd2 gxf4 21. exf4 Rae8 22. Rf3 Qg7 23. Bc3 f6 24. Qe6+ Kh8 25. Re1 Qg6 26. Bb1 Qh6 27. Bd3 Rd8 28.
b4 a5 29. g4 axb4 30. axb4 Qg7 31. g5 Nxd5 32. Qxd5 Bxb4 33. Qc4 Bxc3 34. Qxc3 fxg5 35. Qxg7+ Kxg7 36. Re7+ Rf7 37. Rxf7+ Kxf7 38.
fxg5+ Kg7 39. Kg2 Rd4 40. Kg3 c5 41. Re3 c4 42. Bf5 Rd5 43. Kg4 Rd4+ 44. Re4 1-0

[Event "Masters Tournament (MTO)"]
[Site "Biel, Switzerland"]
[Date "2026.07.20"]
[Round "7.20"]
[White "Aryan, Mehta"]
[Black "Arsenie, Cristian Marc"]
[Result "0-1"]
[TimeControl "100+30+30sec/move"]
[WhiteTitle "-"]
[BlackTitle "-"]
[WhiteFideId "33329664"]
[BlackFideId "1345923"]
[WhiteElo "1979"]
[BlackElo "2300"]

1. d4 Nf6 2. c4 e6 3. Nf3 h6 4. Nc3 Bb4 5. e3 Bxc3+ 6. bxc3 d6 7. Bd3 O-O 8. O-O e5 9. e4 Bg4 10.
Be3 Nc6 11. Re1 Re8 12. d5 Ne7 13. c5 Ng6 14. h3 Bc8 15. c4 b6 16. cxd6 cxd6 17. a4 a5 18. Rb1 Nd7 19. Re2 Ba6 20.
Reb2 Rb8 21. g3 Rb7 22. h4 Qb8 23. h5 Ne7 24. Ne1 Rc8 25. Qe2 Nc5 26. Bxc5 Rxc5 27. Nc2 Qc7 28. Na3 Rb8 29.
Rb3 Kh8 30. Kh2 Nc8 31. Rg1 Qd7 32. Nb5 Bxb5 33. axb5 Ne7 34. Qf3 Ng8 35. g4 Qe7 36. Kh3 Nf6 37. Qe3 Rbc8 38. f3 Nh7 39.
Kg3 Ng5 40. Be2 Qf6 41. Ra3 Kg8 42. Rh1 Kf8 43. Kf2 Ke7 44. Ke1 Kd7 45. Kd2 Kc7 46. Kc2 Kb7 47. Kb2 Ra8 48. Ra4 Rcc8 49.
Raa1 Qe7 50. Kb3 Qc7 51. Ka4 Rh8 52. Rh2 Kc8 53. Rf1 Kd8 54. Rc1 Rc8 55. Rhh1 Qc5 56. Qxc5 Rxc5 57. Kb3 Ke7 58.
Kc3 Nh7 59. Kd3 Rcc8 60. Rh2 Nf6 61. Rch1 Rh7 62. Ke3 Rch8 63. Bd1 g6 64. hxg6 fxg6 65. Rh4 Kf7 66. R1h2 Kg7 67. Rg2 Rc8 68.
Kd3 Rhh8 69. Ra2 Rcf8 70. Rah2 Nd7 71. Kc3 Nc5 72. R4h3 Nb7 73. Rh1 Nd8 74. Kd3 Nf7 75. Ke3 Ng5 76.
R3h2 Rc8 77. Kd3 Nf7 78. Bb3 Kf6 79. Ke3 Kg5 80. Ra1 Rh7 81. Rh3 Rch8 82. Rg1 Kf6 83. Rgh1 h5 84. gxh5 Rxh5 85.
Rxh5 Rxh5 86. Rf1 Rh2 87. Rd1 Rb2 88. Rd3 Nd8 89. c5 bxc5 90. Bc4 Nb7 91. Rb3 Rxb3+ 92. Bxb3 Ke7 93. b6 Kd8 94.
Bc4 a4 95. f4 Na5 96. Ba2 exf4+ 97. Kxf4 c4 98. Ke3 Kc8 99. Bb1 Kb7 100. Kd4 Kxb6 101. e5 dxe5+ 102. Kxe5 Kc5 103. d6 Nc6 104. Ke6 a3 105. d7 c3 106. Be4 Nd8+ 107. Ke7 a2 108.
Kxd8 a1=Q 109. Ke7 Qe1 110. d8=Q Qxe4+ 111. Kf8 c2 112. Qc7+ Kd4 113. Qb6+ Ke5 114. Qc7+ Kf5 115. Qc5+ Kg4 116. Qg1+ Kf3 117. Qf1+ Ke3 118. Qg1+ Kd3 119.
Qg3+ Kd2 120. Qf2+ Kc3 121. Qc5+ Qc4 122. Qe3+ Kb2 123. Qb6+ Qb3 124. Qd4+ Ka2 125. Qf2 Kb1 0-1